 Dungeon Crawl Stone Soup version 0.22-a0-433-gd2a9cce (webtiles) character file.

1897 Mgcat the Cleaver (level 9, -2/75 HPs)
             Began as a Hill Orc Berserker on May 28, 2018.
             Was a Believer of Trog.
             Slain by a five-headed hydra (10 damage)
             ... on level 1 of the Lair of Beasts.
             The game lasted 00:06:48 (2422 turns).

Mgcat the Cleaver (Hill Orc Berserker)              Turns: 2422, Time: 00:06:48

Health: -2/75      AC:  9    Str: 23    XL:     9   Next: 15%
Magic:  9/9        EV:  8    Int:  7    God:    Trog [**....]
Gold:   181        SH:  0    Dex: 10    Spells: 8/8 levels left

rFire    + . .     SeeInvis .   g - +0 war axe
rCold    . . .     Gourm    +   (no shield)
rNeg     . . .     Faith    .   f - +0 chain mail
rPois    .         Spirit   .   (no helmet)
rElec    .         Reflect  .   (no cloak)
rCorr    .         Harm     .   (no gloves)
MR       +....                  (no boots)
Stlth    ..........             d - amulet of the gourmand {Gourm, !d}
HPRegen  0.22/turn              i - ring of protection from fire {rF+, !d}
MPRegen  0.11/turn              a - ring of protection from magic {MR+, !d}

@: berserk cooldown, slowed, very slow
A: no striking features
a: Berserk, Trog's Hand, Renounce Religion


You were on level 1 of the Lair of Beasts.
You worshipped Trog.
Trog was pleased with you.
You were not hungry.

You visited 2 branches of the dungeon, and saw 9 of its levels.

You collected 181 gold pieces.

Inventory:

Hand Weapons
 g - a +0 war axe (weapon)
   (You found it on level 8 of the Dungeon)
Armour
 f - a +0 chain mail (worn)
   (You found it on level 3 of the Dungeon)
Jewellery
 a - a ring of protection from magic (right hand) {MR+, !d}
   (You found it on level 1 of the Lair of Beasts)
 d - an amulet of the gourmand (around neck) {Gourm, !d}
   (You found it on level 1 of the Dungeon)
 i - a ring of protection from fire (left hand) {rF+, !d}
   (You found it on level 4 of the Dungeon)
Wands
 m - a wand of disintegration (5)
   (You found it on level 6 of the Dungeon)
Scrolls
 j - 2 scrolls of remove curse {unknown}
 n - a scroll of amnesia {unknown}
 o - a scroll of identify
Potions
 b - a potion of heal wounds
 e - 2 potions of curing
 h - a potion of mutation {unknown}
 k - a potion of haste {unknown}
Comestibles
 c - 6 rations


   Skills:
 - Level 6.0 Fighting
 - Level 13.2 Axes
 + Level 4.9 Armour
 - Level 1.5 Dodging


You had 8 spell levels left.
You didn't know any spells.
Your spell library was empty.

Dungeon Overview and Level Annotations

Branches:
Dungeon (8/15)               Lair (1/6) D:8
 Temple: D:4-7

Altars:
Xom


Message History

The crocodile barely misses you.
You hit the crocodile but do no damage.
The crocodile is heavily wounded.
You hit the plant but do no damage. You slash the plant! You hit the plant.
You hit the fungus.
The crocodile bites you but does no damage.
You hit the crocodile but do no damage.
The crocodile is heavily wounded.
You slash the fungus! You slash the plant! x2
You hit the plant but do no damage. The crocodile bites you!
Your chain mail prevents you from hitting the crocodile.
The crocodile is heavily wounded.
You hit the plant but do no damage. You hit the plant. You slash the plant!
You slash the fungus!
You destroy the fungus!
You closely miss the crocodile.
The crocodile is heavily wounded.
You hit the plant. x3; The crocodile bites you!
You hit the crocodile but do no damage.
The crocodile is heavily wounded.
You slash the plant!
You hit the plant. x2; The crocodile bites you!
You slash the crocodile!
The crocodile is severely wounded.
You slash the plant!
You destroy the plant!
You hit the plant. You hit the plant but do no damage. The crocodile bites you.
You slash the crocodile!
You kill the crocodile!
Trog accepts your kill.
You hit the plant but do no damage. x2
You recover from your berserk rage.
You start resting.
You feel the effects of Trog's Hand fading.
You start resting.
Your skin stops crawling.
You feel less resistant to hostile enchantments.
You start resting.
HP restored.
You start resting.
HP restored.
You climb downwards.
Welcome to the Lair of Beasts!
There is a staircase back to the Dungeon here.
a - a golden ring Put on which piece of jewellery? (? for menu, Esc to quit)
a - a ring of protection from magic (right hand)
c - 6 rations (gained 1)
A hippogriff comes into view.
The hippogriff screeches!
No target in view!
A red film seems to cover your vision as you go berserk!
You feel yourself moving faster!
You feel mighty!
You feel a lot more hungry.
You slash the hippogriff!
The hippogriff is moderately wounded.
You slash the hippogriff!
The hippogriff is heavily wounded.
The hippogriff bites you. The hippogriff misses you. The hippogriff claws you.
You slash the hippogriff!
The hippogriff is almost dead.
You slash the hippogriff!
You kill the hippogriff!
Trog accepts your kill.
Your Armour skill increases to level 4!
You feel a strong urge to attack something.
You are no longer berserk.
You pass out from exhaustion.
You feel yourself slow down.
You can move again.
Unknown command.
Marking area around the five-headed hydra as unsafe for travelling.
A hydra and a blink frog come into view.
The five-headed hydra roars!
The five-headed hydra bites you!
The five-headed hydra bites you but does no damage.
The five-headed hydra completely misses you.
The five-headed hydra bites you! The five-headed hydra bites you.
Unknown command.
Unknown command.
Unknown command.
Okay, then.
Unknown command.
The blink frog blinks!
Okay, then.
Unknown command.
The blink frog blinks!
The five-headed hydra bites you! The five-headed hydra bites you.
The five-headed hydra bites you but does no damage.
The five-headed hydra barely misses you.
The five-headed hydra bites you! The blink frog hits you!
* * * LOW HITPOINT WARNING * * *
Okay, then.
Unknown command.
As you read the scroll labeled BAOS YGGEOLLUF, it crumbles to dust.
You feel aware of your surroundings.
It was a scroll of magic mapping.
The five-headed hydra bites you but does no damage. x2
The five-headed hydra bites you.
* * * LOW HITPOINT WARNING * * *
The five-headed hydra barely misses you. x2
The blink frog barely misses you. The five-headed hydra bites you!
You die...

*,* #..##.#,,,,,,,,,,,,,**
**,*
*#**###..##.#*****.#****,,,,
*,,***,.##....##.#
*..***#,*,,
**,,,,,..........#
*.#*,.,,,,,
********#.......###
**.##.#*,*,, #.........#
*,..#.##.,*,
#.......#.####.#.....,,,
#...<...F..##......#.,*,
#......@D..........P.**,
#.......#...#........,,,
#..###.##..#.#P..###.**,
#.#* ####..#####.#**,**, #.*
*#..#*,*,.#*,,,,, #,*
#.........#*****, **,*
#..####.### ** *,,* #..P*
*** * **,** #..#* *


You could see a five-headed hydra and a blink frog.

Vanquished Creatures
  2 hippogriffs
  Menkaure (D:5)
  A porcupine (D:8)
  4 black bears (D:8)
  2 ogres
  A necrophage (D:8)
  3 crocodiles (D:8)
  A bullfrog (D:8)
  A killer bee (D:7)
  2 howler monkeys
  A hound (D:7)
  An iguana (D:7)
  3 orc wizards (D:7)
  A worker ant (D:4)
  A hound skeleton (D:3)
  3 adders
  7 gnolls (D:6)
  2 worms (D:3)
  A dart slug (D:3)
  3 leopard geckos
  10 orcs
  A giant cockroach (D:3)
  A goblin (D:3)
  2 hobgoblins (D:3)
  8 jackals
  A quokka (D:4)
  A ball python (D:6)
  A giant cockroach zombie (D:6)
  A quokka zombie (D:6)
  A fungus (D:8)
  A plant (D:8)
69 creatures vanquished.

Vanquished Creatures (others)
  10 fungi (D:8)
  8 plants (D:8)
18 creatures vanquished.

Grand Total: 87 creatures vanquished

Notes
Turn   | Place    | Note
-------+----------+-------------------------------------------
     0 | D:1      | Mgcat the Hill Orc Berserker began the quest for the Orb.
     0 | D:1      | Reached XP level 1. HP: 19/19 MP: 1/1
   105 | D:3      | Reached skill level 5 in Axes
   105 | D:3      | Reached XP level 2. HP: 16/26 MP: 2/2
   461 | D:3      | Reached XP level 3. HP: 27/31 MP: 3/3
   501 | D:3      | Reached skill level 6 in Axes
   622 | D:4      | Reached XP level 4. HP: 39/39 MP: 4/4
   733 | D:4      | Reached skill level 7 in Axes
   822 | D:5      | Entered Level 5 of the Dungeon
   848 | D:5      | Noticed an ogre
   862 | D:5      | Killed an ogre
   862 | D:5      | Reached skill level 8 in Axes
   862 | D:5      | Reached XP level 5. HP: 45/45 MP: 5/5
  1008 | D:5      | Found a shimmering altar of Xom.
  1008 | D:5      | Found a shimmering altar of Xom.
  1068 | D:5      | Noticed Menkaure
  1082 | D:5      | Killed Menkaure
  1082 | D:5      | Reached skill level 9 in Axes
  1082 | D:5      | Reached XP level 6. HP: 32/51 MP: 6/6
  1275 | D:6      | Reached ** piety under Trog
  1353 | D:7      | Reached skill level 10 in Axes
  1353 | D:7      | Reached XP level 7. HP: 57/57 MP: 7/7
  1527 | D:7      | Reached skill level 11 in Axes
  1746 | D:8      | Found a staircase to the Lair.
  1787 | D:8      | Reached skill level 12 in Axes
  1787 | D:8      | Reached XP level 8. HP: 22/64 MP: 8/8
  2109 | D:8      | Reached skill level 13 in Axes
  2109 | D:8      | Reached skill level 4 in Fighting
  2159 | D:8      | Noticed a hippogriff
  2169 | D:8      | Killed a hippogriff
  2169 | D:8      | Reached skill level 6 in Fighting
  2230 | D:8      | Reached skill level 3 in Armour
  2230 | D:8      | Reached XP level 9. HP: 75/75 MP: 9/9
  2389 | Lair:1   | Entered Level 1 of the Lair of Beasts
  2408 | Lair:1   | Reached skill level 4 in Armour
  2416 | Lair:1   | Noticed a five-headed hydra
  2420 | Lair:1   | HP: 9/75 [blink frog (16)]
  2422 | Lair:1   | Slain by a five-headed hydra

Vault maps used:
D:1:      minmay_arrival_four_houses, bh_walls_and_bars
D:2:      grunt_temple_overflow_open
D:4:      first_ration
D:5:      xom_redecorated, uniq_edmund, uniq_menkaure
D:6:      minmay_temple_entry_junction, bloody_makhleb
D:7:      cheibrodos_two_vegetables, kiku_gazebo_pond_becter, tso_oasis_becter,
          serial_shops, nicolae_shop_temple_entry_statues_fountains, shop,
          nicolae_shop_trees, grunt_livestock, kennysheep_decorative_pillar,
          st_stairs_8
D:8:      due_lair_maze_entry_diamond

Skill      XL: |  1  2  3  4  5  6  7  8  9 |
---------------+----------------------------+-----
Axes           | 5 6 8 9 10 12 13 | 13.2
Fighting       | 6 |  6.0
Armour         | 3 4 |  4.9
Dodging        | |  1.5

Action                   |  1- 3 |  4- 6 |  7- 9 || total
-------------------------+-------+-------+-------++-------
Melee: Hand axe          |    74 |    73 |    83 ||   230
       War axe           |       |       |    24 ||    24
Invok: Berserk           |     2 |     5 |     9 ||    16
       Trog's Hand       |       |       |     4 ||     4
  Use: Scroll            |     3 |       |     1 ||     4
  Eat: Chunk             |    11 |     8 |     6 ||    25
Armor: Animal skin       |     3 |       |       ||     3
       Chain mail        |    31 |    27 |    35 ||    93
Dodge: Dodged            |    28 |    24 |    46 ||    98

Table legend:
 A = Spawn XP
 B = Non-spawn XP
 C = Spawn XP percentage of total XP
 D = Spawn monster count
 E = Non-spawn monster count
 F = Spawn count percentage of total count
 G = Total turns spent on level
                    A         B        C        D         E        F      G
               +---------+---------+-------+---------+---------+-------+---------
         Total |       0 |    2711 |   0.0 |       0 |      67 |   0.0 |  2422
               +---------+---------+-------+---------+---------+-------+---------
           D:3 |       0 |      70 |   0.0 |       0 |      11 |   0.0 |   466
           D:4 |       0 |      74 |   0.0 |       0 |      12 |   0.0 |   283
           D:5 |       0 |     302 |   0.0 |       0 |       6 |   0.0 |   438
           D:6 |       0 |     166 |   0.0 |       0 |      16 |   0.0 |   234
           D:7 |       0 |     311 |   0.0 |       0 |       9 |   0.0 |   275
           D:8 |       0 |    1549 |   0.0 |       0 |      12 |   0.0 |   620
        Lair:1 |       0 |     239 |   0.0 |       0 |       1 |   0.0 |    33
               +---------+---------+-------+---------+---------+-------+---------

Vault maps used:
D:1:      minmay_arrival_four_houses, bh_walls_and_bars
D:2:      grunt_temple_overflow_open
D:4:      first_ration
D:5:      xom_redecorated, uniq_edmund, uniq_menkaure
D:6:      minmay_temple_entry_junction, bloody_makhleb
D:7:      cheibrodos_two_vegetables, kiku_gazebo_pond_becter, tso_oasis_becter,
          serial_shops, nicolae_shop_temple_entry_statues_fountains, shop,
          nicolae_shop_trees, grunt_livestock, kennysheep_decorative_pillar,
          st_stairs_8
D:8:      due_lair_maze_entry_diamond

Table legend:
 A = Turns spent in this place as a percentage of turns spent in the entire game.
 B = Non-inter-level travel turns spent in this place as a percentage of non-inter-level travel turns spent in the entire game.
 C = Inter-level travel turns spent in this place as a percentage of turns spent in this place.
 D = Turns resting spent in this place as a percentage of non-inter-level travel turns spent in this place.
 E = Turns spent auto-exploring this place as a percentage of non-inter-level travel turns spent in this place.
 F = Non-inter-level travel turns spent in this place divided by the number of levels of this place that you've seen.
                   A       B       C       D       E      F
               +-------+-------+-------+-------+-------+----------------------
         Total | 100.0 | 100.0 |   1.0 |  34.9 |  36.0 | 266.4
       Dungeon |  98.6 |  98.6 |   1.0 |  35.3 |  36.0 | 295.6
          Lair |   1.4 |   1.4 |   0.0 |   0.0 |  36.4 |  33.0
               +-------+-------+-------+-------+-------+----------------------

Table legend:
 A = Kills in this place as a percentage of kills in entire the game.
 B = Kills by you in this place as a percentage of kills by you in the entire game.
 C = Kills by friends in this place as a percentage of kills by friends in the entire game.
 D = Other kills in this place as a percentage of other kills in the entire game.
 E = Experience gained in this place as a percentage of experience gained in the entire game.
 F = Experience gained in this place divided by the number of levels of this place that you have seen.
                   A       B       C       D       E      F
               +-------+-------+-------+-------+-------+----------------------
         Total | 100.0 | 100.0 |   N/A |   N/A | 100.0 | 301.2
       Dungeon |  98.5 |  98.5 |   N/A |   N/A |  91.2 | 309.0
          Lair |   1.5 |   1.5 |   N/A |   N/A |   8.8 | 239.0
               +-------+-------+-------+-------+-------+----------------------
